 Dungeon Crawl Stone Soup version 0.28-a0-175-gb2089b6bb7 (webtiles) character file.

Game seed: 14030024121277564212

61 Gunterle the Skirmisher (level 4, 0/49 HPs)
             Began as an Ogre Monk on Aug 17, 2021.
             Slain by Pikel (1 damage)
             ... on level 3 of the Dungeon.
             The game lasted 00:06:48 (3045 turns).

Gunterle the Skirmisher (Ogre Monk)                 Turns: 3045, Time: 00:06:49

Health: 0/49       AC:  3    Str: 14 (15) XL:     4   Next: 7%
Magic:  4/4        EV: 10    Int: 10 (12) God:
Gold:   70         SH:  0    Dex:  9 (11) Spells: 1/3 levels left

rFire   . . .      SeeInvis .   a - +0 mace
rCold   . . .      Faith    .   (no shield)
rNeg    . . .      Spirit   .   b - +0 robe
rPois   +          Reflect  .   (helmet restricted)
rElec   .          Harm     .   (no cloak)
rCorr   .          Rampage  .   (gloves unavailable)
Will    .....                   (boots unavailable)
Stlth   +.........              (no amulet)
HPRegen 0.16/turn               e - ring of poison resistance
MPRegen 0.09/turn               (no ring)

@: no status effects
A: large, unfitting armour, tough skin 1
a: no special abilities


You were on level 3 of the Dungeon.
You visited 1 branch of the dungeon, and saw 4 of its levels.

You collected 70 gold pieces.

Inventory:

Hand Weapons
 a - a +0 mace (weapon)
Missiles
 f - 89 stones (quivered)
Armour
 b - a +0 robe (worn)
Jewellery
 e - a ring of poison resistance (left hand)
Wands
 n - a wand of digging (8)
Scrolls
 c - a scroll of enchant weapon {unknown}
 i - a scroll of immolation
 j - 2 scrolls of teleportation
 o - a scroll of identify {unknown}
Potions
 d - 3 potions of curing


   Skills:
 + Level 4.6 Fighting
 * Level 3.6 Maces & Flails
 + Level 3.1 Dodging
 - Level 1.4 Stealth


You had one spell level left.
You knew the following spells:

 Your Spells              Type           Power      Damage    Failure   Level
a - Blink                 Tloc           N/A        N/A       50%         2

Your spell library contained the following spells:

 Spells                   Type           Power      Damage    Failure   Level
 Static Discharge         Conj/Air       0%         N/A       50%         2
 Lesser Beckoning         Tloc           0%         N/A       75%         3
 Dispel Undead            Necr           0%         3d6       98%         4
 Sticky Flame             Conj/Fire      0%         2d3       98%         4
 Manifold Assault         Tloc           0%         N/A       100%        5


Dungeon Overview and Level Annotations

Branches:
Dungeon (4/15)
 Temple: D:4-7

Altars:

Annotations:
D:3 Pikel


Innate Abilities, Weirdness & Mutations

You are too large for most types of armour.
You have tough skin. (AC +1)


Message History

It was a potion of curing.
You feel better.
Pikel hits you with a +2 whip of flaming!
Pikel burns you.
It was a potion of flight.
You feel very buoyant.
You fly up into the air.
Pikel hits you with a +2 whip of flaming!
* * * LOW HITPOINT WARNING * * *
Pikel burns you.
* * * LOW HITPOINT WARNING * * *
It was a potion of degeneration.
There was something very wrong with that liquid.
You feel weakened.
You feel dopey.
You feel clumsy. Pikel barely misses you.
It was a potion of resistance.
You feel protected. Pikel misses you.
It was a potion of heal wounds.
You feel much better.
Pikel hits you with a +2 whip of flaming!
Pikel burns you.
Unknown command.
It was a potion of cancellation.
Your magical effects are unravelling.
You feel magically purged.
You float gracefully downwards.
Your resistance to elements expires.
Pikel says, "You'll make a fine lemure."
Pikel hits you with a +2 whip of flaming.
Pikel burns you.
You are too injured to fight recklessly!
You are too injured to fight recklessly!
You hit Pikel but do no damage.
Pikel says, "Hell isn't that bad."
Pikel hits you with a +2 whip of flaming!
* * * LOW HITPOINT WARNING * * *
Pikel burns you.
* * * LOW HITPOINT WARNING * * *
Pikel hits you with a +2 whip of flaming!
* * * LOW HITPOINT WARNING * * *
Pikel burns you.
You die...

#).#.....#.#.# #.# #..#..<#.#.#.#
#.# #######..#.....#.#.# #.#
.#.......#.#.#.#.#.# #.#
.#.#####.#.#.#.#.#.###########.#
...# #.#.#.#.#.#.............#
.### #.#.#.#.#.#############.# .#
#.#.#.#.#....##########.## .#
#.#.#..<.@K..+............ .#
#.#.#.###....#######...#.. .#
#.#.#...#....# #...#.#
.#######.#.#.#.#....# #...#.#
...........#...#.##### #...#.#
##########.#####.....######...#.#
#...........'........+.. #####
#..####.....######...#.. #...#
#..# #.....######......


You could see Pikel.

Vanquished Creatures
  3 adders
  2 dart slugs (D:3)
  An orc (D:3)
  3 bats
  4 endoplasms (D:3)
  2 giant cockroaches
  3 goblins
  A hobgoblin (D:3)
  2 quokkas (D:3)
  2 ball pythons
  A frilled lizard (D:2)
  2 kobolds (D:2)
  4 rats
30 creatures vanquished.

Vanquished Creatures (others)
  A plant (D:4)
1 creature vanquished.

Grand Total: 31 creatures vanquished

Notes
Turn   | Place    | Note
-------+----------+-------------------------------------------
     0 | D:1      | Gunterle the Ogre Monk began the quest for the Orb.
     0 | D:1      | Reached XP level 1. HP: 24/24 MP: 1/1
   330 | D:1      | Found a faded altar of an unknown god.
  1072 | D:2      | Reached XP level 2. HP: 32/32 MP: 2/2
  2111 | D:3      | Reached XP level 3. HP: 40/40 MP: 3/3
  2190 | D:3      | Learned a level 2 spell: Blink
  2746 | D:4      | Noticed a lemure
  2748 | D:4      | Noticed a lemure
  2752 | D:4      | Noticed a lemure
  2754 | D:4      | Noticed Pikel
  2760 | D:4      | Noticed a lemure
  2937 | D:2      | Reached XP level 4. HP: 42/49 MP: 4/4
  3045 | D:3      | HP: 1/49 [Pikel (8)]
  3045 | D:3      | Slain by Pikel

Illustrated notes

Levels and vault maps discovered:
D:1:      matt_arrival_refuge, layout_loops_ring,
          shapermc_ecumenical_altar_flowoftime
D:2:      layout_loops_ring
D:3:      layout_basic
D:4:      layout_gridville, hellmonk_ghost_happy_afterlife,
          guppyfry_early_lair_pool, uniq_ijyb, uniq_pikel

Skill      XL: |  1  2  3 |
---------------+----------+-----
Maces & Flails | 3 |  3.6
Dodging        | 3 |  3.1
Fighting       | |  4.6
Stealth        | |  1.4

Action                   |  1- 3 |  4- 6 || total
-------------------------+-------+-------++-------
Melee: Mace              |    94 |     6 ||   100
Throw: Stone             |     5 |     1 ||     6
  Use: Scroll            |     2 |       ||     2
       Potion            |       |     6 ||     6
 Stab: Sleeping          |     6 |       ||     6
Armor: Robe              |    34 |       ||    34
Dodge: Dodged            |    52 |     6 ||    58

Table legend: (Time is in decaauts)
 A = Elapsed time spent in this place.
 B = Non-inter-level travel time spent in this place.
 C = Inter-level travel time spent in this place.
 D = Time resting spent in this place.
 E = Time spent auto-exploring this place.
 F = Levels seen in this place.
 G = Mean time per level.
                   A        B        C        D        E       F      G
               +--------+--------+--------+--------+--------+-----+--------+
         Total |   3073 |   2983 |     90 |    396 |   2202 |   4 |  768.2 |
       Dungeon |   3073 |   2983 |     90 |    396 |   2202 |   4 |  768.2 |
               +--------+--------+--------+--------+--------+-----+--------+

Top non-repeatable levels by time:
     D:3: 1283 daAuts
     D:2: 1045 daAuts
     D:1: 659 daAuts
     D:4: 84 daAuts
